 Dungeon Crawl Stone Soup version 0.23.2-1-ga50397a (webtiles) character file.

Game seed: 16520769528523589591

13215 c14n the Spear-Bearer (level 12, -16/105 HPs)
             Began as a Hill Orc Monk on May 31, 2019.
             Was a Believer of Beogh.
             Killed from afar by a rakshasa (35 damage)
             ... with an orb of energy
             ... on level 2 of the Abyss on June 1, 2019.
             The game lasted 02:51:57 (23765 turns).

c14n the Spear-Bearer (Hill Orc Monk)              Turns: 23765, Time: 02:51:57

Health: -16/105    AC: 14    Str: 16    XL:     12   Next: 3%
Magic:  15/15      EV: 13    Int: 10    God:    Beogh [**....]
Gold:   498        SH:  5    Dex: 16    Spells: 11/11 levels left

rFire    . . .     SeeInvis .   H - +2 scythe (venom)
rCold    . . .     Gourm    .   (shield currently unavailable)
rNeg     . . .     Faith    .   k - +4 scale mail {rPois}
rPois    +         Spirit   .   (no helmet)
rElec    .         Reflect  +   B - +1 cloak
rCorr    +         Harm     .   (no gloves)
MR       .....                  (no boots)
Stlth    +.........             Q - +5 amulet of reflection
HPRegen  0.27/turn              z - +2 ring of slaying
MPRegen  0.14/turn              y - ring of resist corrosion

@: very slightly contaminated
A: no striking features
a: Smiting, Renounce Religion


You were on level 2 of the Abyss.
You worshipped Beogh.
Beogh was pleased with you.
You were not hungry.

You visited 2 branches of the dungeon, and saw 14 of its levels.
You visited the Abyss 1 time.

You collected 498 gold pieces.

Inventory:

Hand Weapons
 a - a +1 trident of protection
 e - a +0 hunting sling
 i - a +0 flail
 q - a +1 hand axe of chopping
 r - a +0 battleaxe
 u - a +0 halberd
 E - a +0 shortbow
 H - a +2 scythe of venom (weapon)
 T - a +0 spear
Missiles
 g - 33 sling bullets
 o - 470 stones (quivered)
 J - 50 arrows
Armour
 k - a +4 scale mail of poison resistance (worn)
 B - a +1 cloak (worn)
 G - a +2 robe of magic resistance
 S - a +1 ring mail of cold resistance
Magical Staves
 K - an uncursed staff of air
Jewellery
 d - an uncursed ring of ice
 j - an uncursed ring of ice
 p - a +3 ring of intelligence
 v - an uncursed ring of poison resistance
 y - a ring of resist corrosion (right hand)
 z - a +2 ring of slaying (left hand)
 I - an uncursed ring of poison resistance
 L - an uncursed amulet of the gourmand
 Q - a +5 amulet of reflection (around neck)
Wands
 b - a wand of iceblast (1)
 h - a wand of digging (10)
 O - a wand of flame (28)
Scrolls
 f - 2 scrolls of fear
 l - 5 scrolls of identify
 n - 4 scrolls of amnesia
 s - a scroll of fog
 w - 2 scrolls of noise
 x - a scroll of enchant weapon
 A - 3 scrolls of blinking
 D - 6 scrolls of remove curse
 P - a scroll of magic mapping
Potions
 m - 2 potions of brilliance
 t - a potion of resistance
 F - a potion of lignification
 R - a potion of might
Comestibles
 c - 5 rations


   Skills:
 + Level 9.4 Fighting
 + Level 12.7 Polearms
 + Level 6.5 Throwing
 + Level 8.7 Armour
 + Level 5.3 Dodging
 + Level 3.3 Stealth
 + Level 4.3 Invocations
 + Level 1.7 Evocations


You had 11 spell levels left.
You didn't know any spells.
Your spell library contained the following spells:

 Spells                   Type           Power        Failure   Level  Hunger
 Shock                    Conj/Air       #...         75%         1    ##.....
 Swiftness                Chrm/Air       #.......     86%         2    ###....
 Static Discharge         Conj/Air       #.......     98%         3    ####...
 Airstrike                Air            #.........   100%        4    #####..
 Cause Fear               Hex            #.........   100%        4    #####..
 Lightning Bolt           Conj/Air       #.........   100%        5    ######.
 Silence                  Hex/Air        #.........   100%        5    ######.
 Yara's Violent Unravell  Hex/Tmut       #.........   100%        5    ######.
 Deflect Missiles         Chrm/Air       #.........   100%        6    #######
 Discord                  Hex            #.........   100%        8    #######


Dungeon Overview and Level Annotations

Branches:
Dungeon (13/15)            Temple (1/1) D:7            Lair (0/6) D:8
    Orc (0/2) D:11
 Vaults: D:13-14

Altars:
Ashenzari
Cheibriados
Dithmenos
Elyvilon
Fedhas
Gozag
Hepliaklqana
Kikubaaqudgha
Makhleb
Nemelex Xobeh
Okawaru
Qazlal
Ru
Sif Muna
Trog
Uskayaw
Vehumet
Wu Jian
Xom
Yredelemnul
Zin
The Shining One
Lugonu

Shops:
D:6 !   D:11 %

Annotations:
D:6 exclusion: oklob plant
D:12 1 runed translucent door, dengdeng's ghost, journeyman MiBe
D:13 Jorgrun; Nessos


Message History

The thrashing horror tramples you.
* * * LOW HITPOINT WARNING * * *
You hold your ground!
The thrashing horror roars!
You hear a bark!
The thrashing horror tramples you.
* * * LOW HITPOINT WARNING * * *
You stumble backwards!
You hear a bark!
A rakshasa comes into view. It is wielding a +0 long sword.
The thrashing horror roars!
The thrashing horror tramples you but does no damage.
The thrashing horror barely misses you.
Okay, then.
Blink to where?
Press: ? - help, Dir - move target cursor You are very lightly contaminated with residual magic.
As you read the scroll of blinking, it crumbles to dust.
The rakshasa gestures at you. The orb of energy hits you!!
You die...

# /# # ##.
.#.# ..
.....#.###
#.....#
#@#
#......#
##..###.#
##.#. #.
#..R #..
#... #.#
####.###
#.#
#..#.ยง.#
#####.#
.###X##


You could see a rakshasa.

Vanquished Creatures
  A hydra (D:12)
  3 two-headed ogres
  2 unseen horrors
  A wizard (D:12)
  A deep elf mage (D:12)
  An orc knight (D:11)
  An ugly thing (D:12)
  A worldbinder (Abyss:2)
  A freezing wraith (D:12)
  A hellwing (Abyss:2)
  A troll (D:9)
  Grinder (D:2)
  5 yaks (D:9)
  Sigmund (D:2)
  A wyvern (D:8)
  A hungry ghost (D:9)
  A water moccasin (D:12)
  2 sky beasts
  An ice beast (D:7)
  A phantom (D:9)
  A necrophage (D:9)
  9 orc warriors
  4 ogres
  4 centaurs
  4 big kobolds
  Blork the orc (D:5)
  3 bullfrogs
  2 scorpions
  9 killer bees
  4 wights (D:7)
  6 howler monkeys
  5 crimson imps
  A quasit (D:12)
  3 bullfrog zombies
  11 jellies
  4 orc priests
  4 bullfrog skeletons
  2 hounds
  5 orc wizards
  Terence (D:2)
  3 centaur skeletons
  4 iguanas
  7 worker ants
  12 gnolls
  A howler monkey skeleton (D:5)
  14 adders
  2 shadow imps
  8 oozes (D:6)
  A worm (D:6)
  5 dart slugs
  4 leopard geckos
  29 orcs
  7 giant cockroaches
  13 goblins
  13 hobgoblins
  12 jackals
  3 quokkas
  5 ball pythons
  3 bats
  8 frilled lizards
  A jackal skeleton (D:6)
  A jackal zombie (D:5)
  21 kobolds
  A leopard gecko skeleton (D:5)
  A quokka zombie (D:5)
  6 rats
  A spectral orc (D:8)
297 creatures vanquished.

Vanquished Creatures (collateral kills)
  A howler monkey (D:8)
  An orc priest (D:8)
  A worker ant (D:8)
  An orc (D:8)
4 creatures vanquished.

Vanquished Creatures (others)
  An orc wizard (D:8)
  A killer bee zombie (D:8)
  A hound skeleton (D:8)
  A worker ant zombie (D:5)
  A leopard gecko (D:8)
  7 orcs
  7 fungi (D:6)
19 creatures vanquished.

Grand Total: 320 creatures vanquished

Notes
Turn   | Place    | Note
-------+----------+-------------------------------------------
     0 | D:1      | c14n the Hill Orc Monk began the quest for the Orb.
     0 | D:1      | Reached XP level 1. HP: 19/19 MP: 1/1
   129 | D:1      | Reached XP level 2. HP: 27/27 MP: 2/2
   956 | D:1      | Reached XP level 3. HP: 32/33 MP: 3/3
  1092 | D:1      | You fall through a shaft!
  1257 | D:2      | Noticed Sigmund
  1645 | D:2      | Found an opulent altar of Gozag.
  1645 | D:2      | Noticed Terence
  1682 | D:2      | Killed Terence
  1682 | D:2      | Reached skill level 4 in Polearms
  1682 | D:2      | Reached XP level 4. HP: 31/40 MP: 4/4
  3695 | D:3      | Reached XP level 5. HP: 41/47 MP: 5/5
  4101 | D:3      | Reached skill level 1 in Throwing
  5196 | D:3      | Found a sacrificial altar of Ru.
  5646 | D:3      | Noticed Grinder
  5711 | D:3      | Reached XP level 6. HP: 47/55 MP: 6/6
  6252 | D:4      | Reached skill level 5 in Polearms
  6395 | D:4      | Reached skill level 5 in Fighting
  6506 | D:4      | Became a worshipper of Beogh the Brigand
  6506 | D:4      | Reached * piety under Beogh
  6506 | D:4      | Reached ** piety under Beogh
  6836 | D:5      | Entered Level 5 of the Dungeon
  6940 | D:5      | Found a shimmering altar of Xom.
  6943 | D:5      | Noticed an angel
  7030 | D:5      | Found a glowing silver altar of Zin.
  7060 | D:5      | Reached skill level 1 in Armour
  7060 | D:5      | Reached XP level 7. HP: 54/61 MP: 7/7
  7568 | D:5      | Reached skill level 6 in Polearms
  7724 | D:5      | Noticed Blork the orc
  7770 | D:5      | Killed Blork the orc
  8910 | D:5      | Reached XP level 8. HP: 69/69 MP: 8/8
  9315 | D:6      | Reached skill level 7 in Polearms
  9553 | D:6      | Found Xiyb's Distillery.
 10226 | D:6      | Reached *** piety under Beogh
 10446 | D:6      | Noticed an oklob plant
 10466 | D:6      | Reached skill level 8 in Polearms
 10552 | D:6      | You fall through a shaft for 2 floors!
 10568 | D:8      | Reached XP level 9. HP: 61/75 MP: 9/9
 10825 | D:7      | Reached skill level 9 in Polearms
 11186 | D:3      | Paralysed by Grinder for 2 turns
 11205 | D:2      | Killed Grinder
 11415 | D:2      | Killed Sigmund
 11983 | D:7      | Found a staircase to the Ecumenical Temple.
 12012 | D:7      | Found a hide-covered altar of Uskayaw.
 12043 | D:7      | Found a deep blue altar of Sif Muna.
 12075 | D:7      | Found a white marble altar of Elyvilon.
 12553 | Temple   | Entered the Ecumenical Temple
 13029 | D:8      | Reached skill level 10 in Polearms
 13073 | D:8      | Noticed a two-headed ogre
 13097 | D:8      | Killed a two-headed ogre
 13097 | D:8      | Reached skill level 5 in Armour
 13509 | D:8      | Found a radiant altar of Vehumet.
 13580 | D:7      | Reached XP level 10. HP: 86/86 MP: 7/11
 13777 | D:8      | Found an iron altar of Okawaru.
 13929 | D:8      | Found a staircase to the Lair.
 14013 | D:8      | Noticed a two-headed ogre
 14019 | D:8      | Killed a two-headed ogre
 14407 | D:8      | Found a hazy altar of Hepliaklqana.
 14596 | D:8      | Found a basalt altar of Yredelemnul.
 15044 | D:8      | Found a bloodstained altar of Trog.
 16181 | D:9      | Reached skill level 5 in Throwing
 16381 | D:9      | Reached skill level 11 in Polearms
 16798 | D:9      | Found a sparkling altar of Nemelex Xobeh.
 16799 | D:9      | Found a blossoming altar of Fedhas.
 17547 | D:10     | Entered Level 10 of the Dungeon
 17579 | D:10     | Noticed a two-headed ogre
 17914 | D:9      | Killed a two-headed ogre
 18567 | D:10     | Reached XP level 11. HP: 94/94 MP: 13/13
 19315 | D:10     | Killed an unseen horror
 19315 | D:10     | Reached skill level 12 in Polearms
 19616 | D:10     | You fall through a shaft for 3 floors!
 19616 | D:13     | Noticed Nessos
 20215 | D:12     | Noticed a deep elf mage
 20215 | D:12     | Noticed a cyclops
 20337 | D:12     | HP: 2/95 [freezing wraith (22)]
 20728 | D:13     | Noticed Jorgrun
 20959 | D:11     | Noticed an orc knight
 21002 | D:11     | Found a staircase to the Orcish Mines.
 21336 | D:12     | Found a runed translucent door.
 21336 | D:12     | Found a shimmering altar of Xom.
 21336 | D:12     | Noticed dengdeng's ghost (journeyman MiBe)
 21336 | D:12     | Noticed a +2 dire flail of chaos
 21345 | D:12     | Noticed a purple ugly thing
 21355 | D:12     | Killed a purple ugly thing
 21355 | D:12     | Reached skill level 5 in Dodging
 21614 | D:12     | Noticed a wizard
 21677 | D:12     | Killed a deep elf mage
 22111 | D:12     | Noticed a six-headed hydra
 22125 | D:12     | Killed a six-headed hydra
 22125 | D:12     | Reached skill level 1 in Evocations
 22175 | D:12     | Killed an unseen horror
 22696 | D:12     | Killed a wizard
 23461 | D:11     | Found Hemis's Food Shoppe.
 23508 | D:11     | Killed an orc knight
 23530 | D:11     | Cast into level 2 of the Abyss (orc warrior)
 23617 | Abyss:2  | Noticed a worldbinder
 23634 | Abyss:2  | Killed a worldbinder
 23634 | Abyss:2  | Reached XP level 12. HP: 45/105 MP: 15/15
 23749 | Abyss:2  | Noticed a thrashing horror
 23764 | Abyss:2  | Noticed a rakshasa
 23765 | Abyss:2  | Killed from afar by a rakshasa

Skill      XL: |  1  2  3  4  5  6  7  8  9 10 11 |
---------------+----------------------------------+-----
Fighting       | 4 5 6 7 9 |  9.4
Polearms       | 4 5 6 8 10 11 12 | 12.7
Stealth        | 2 3 |  3.3
Dodging        | 3 4 5 |  5.3
Throwing       | 1 2 3 4 5 6 |  6.5
Armour         | 1 2 3 5 7 8 |  8.7
Invocations    | 2 3 4 |  4.3
Evocations     | 1 |  1.7

Action                   |  1- 3 |  4- 6 |  7- 9 | 10-12 || total
-------------------------+-------+-------+-------+-------++-------
Melee: Spear             |   141 |   150 |       |    22 ||   313
       Halberd           |       |    93 |   260 |       ||   353
       Scythe            |       |       |    48 |   336 ||   384
       Trident           |       |       |       |    63 ||    63
Throw: Stone             |       |   157 |   161 |   244 ||   562
Invok: Convert to Beogh  |       |     1 |       |       ||     1
       Smiting           |       |       |     8 |    17 ||    25
Evoke: Wand              |       |       |       |    20 ||    20
  Use: Potion            |     2 |       |     5 |    20 ||    27
       Scroll            |       |       |    10 |    11 ||    21
 Stab: Sleeping          |     5 |       |       |       ||     5
  Eat: Chunk             |     2 |    11 |     3 |     1 ||    17
       Ration            |       |     2 |     5 |    10 ||    17
Armor: Robe              |    10 |    15 |       |       ||    25
       Skin              |     6 |     1 |       |    41 ||    48
       Scale mail        |       |    20 |   121 |   351 ||   492
Dodge: Dodged            |    70 |   146 |   149 |   322 ||   687
Block: Other             |       |       |     7 |   126 ||   133
       Reflection        |       |       |       |     3 ||     3
